 Dungeon Crawl Stone Soup version 0.24.1-8-ga250c9d538 (webtiles) character file.

Game seed: 18199753310984576574, levelgen mode: deterministic

387 Hugehornet the Changer (level 6, 0/38 HPs)
             Began as an Octopode Transmuter on May 5, 2020.
             Slain by an ogre
             ... wielding a +0 giant club
              (24 damage)
             ... on level 4 of the Dungeon.
             The game lasted 00:14:45 (3027 turns).

Hugehornet the Changer (Octopode Transmuter)        Turns: 3027, Time: 00:14:45

Health: 0/38       AC:  2    Str:  9    XL:     6   Next: 78%
Magic:  3/9        EV: 20    Int: 17    God:
Gold:   181        SH:  0    Dex: 18    Spells: 3/9 levels left

rFire    . . .     SeeInvis .     - Unarmed
rCold    . . .     Gourm    .   (shield currently unavailable)
rNeg     . . .     Faith    .   (helmet currently unavailable)
rPois    x         Spirit   .   g - amulet of regeneration
rElec    .         Reflect  .   (no ring)
rCorr    .         Harm     .   (no ring)
MR       .....                  (no ring)
Stlth    ++........             (no ring)
HPRegen  0.52/turn              (no ring)
MPRegen  0.11/turn              (no ring)
                                (no ring)
                                (no ring)

@: spider-form, very slightly contaminated
A: tiny, almost no armour, stealthy swim, (amphibious), 8 rings, (constrict 8),
deterioration 1, screaming 1, wild magic 1
a: End Transformation


You were on level 4 of the Dungeon.
You were not hungry.
You were a venomous arachnid creature.
You visited 1 branch of the dungeon, and saw 4 of its levels.
You also visited: Sewer.

You collected 181 gold pieces.

Inventory:

Hand Weapons
 d - a +3 dagger of venom
Missiles
 a - 194 arrows
Jewellery
 g - an amulet of regeneration (around neck)
Wands
 f - a wand of random effects (16)
 j - a wand of clouds (2)
Scrolls
 e - 2 scrolls of teleportation
 i - 2 scrolls of enchant weapon
Potions
 k - a potion of brilliance
 l - a potion of lignification {unknown}
 m - a potion of invisibility {unknown}
 o - a potion of ambrosia {unknown}
Comestibles
 b - a chunk of flesh
 c - 3 rations


   Skills:
 - Level 1.0 Fighting
 - Level 2.0 Dodging
 * Level 5.1 Unarmed Combat
 - Level 2.0 Spellcasting
 - Level 5.2 Transmutations
 - Level 2.0 Poison Magic


You had 3 spell levels left.
You knew the following spells:

 Your Spells              Type           Power        Failure   Level  Hunger
a - Beastly Appendage     Tmut           ####..       13%         1    #......
b - Sticks to Snakes      Tmut           ####....     17%         2    ###....
c - Spider Form           Tmut/Pois      ###.......   38%         3    ###....

Your spell library contained the following spells:

 Spells                   Type           Power        Failure   Level  Hunger
 Ice Form                 Ice/Tmut       ##......     82%         4    #####..
 Blade Hands              Tmut           ####......   82%         5    ######.


Dungeon Overview and Level Annotations

Branches:
Dungeon (4/15)              Sewer (visited)
 Temple: D:4-7

Altars:


Innate Abilities, Weirdness & Mutations

You cannot wear most types of armour.
You are very stealthy in the water. (Stealth+)
((You are amphibious.))
You can wear up to eight rings at the same time.
((You can use your tentacles to constrict eight enemies at once.))
((Your skin changes colour to match your surroundings (Stealth+).))
((Your rubbery body absorbs attacks. (AC +1, EV +1)))
Your body sometimes deteriorates upon taking damage.
You occasionally shout uncontrollably at your foes.
Your spells are a little harder to cast, but a little more powerful.


Message History

You smell something strange.
The ogre misses you.
Casting: Spider Form (safe; 19% risk of failure)
Confirm with . or Enter, or press ? or * to list all spells.
You turn into a venomous arachnid creature.
You hit the ogre.
The ogre is poisoned.
The ogre is lightly wounded.
The ogre barely misses you.
You hit the ogre but do no damage.
The ogre looks as sick as possible!
The ogre is lightly wounded.
The ogre hits you with a +0 giant club!
You barely miss the ogre.
The ogre is lightly wounded.
The ogre closely misses you.
You bite the ogre!
The ogre looks as sick as possible!
The ogre is heavily wounded.
You hit the ogre.
The ogre looks as sick as possible!
The ogre is almost dead.
The ogre hits you with a +0 giant club!!
Ouch! That really hurt!
You die...

##.#.####..#.88.#
#.#.# #..†..^.#
#.#)# #########
#.#.####....##
#.##....####.#
#.##########÷#
#.##$?##..##.#
#.##!O##..##.#
#.####s.##..## #.#
#..##..# #.#
######## #.# #.#
#.#
#.################
#.................
#######.......#..#


You could see an ogre.

Vanquished Creatures
  Purgy (Sewer)
  Terence (D:3)
  A worker ant (D:2)
  Robin (D:2)
  4 gnolls (D:3)
  8 adders
  An ooze (D:1)
  5 worms
  A leopard gecko (D:2)
  7 orcs
  12 bats
  7 giant cockroaches
  12 goblins
  14 hobgoblins
  10 kobolds
  A quokka (D:2)
  2 ball pythons
  4 frilled lizards
  7 rats
99 creatures vanquished.

Notes
Turn   | Place    | Note
-------+----------+-------------------------------------------
     0 | D:1      | Hugehornet the Octopode Transmuter began the quest for the
                  | Orb.
     0 | D:1      | Reached XP level 1. HP: 13/13 MP: 3/3
   122 | D:1      | Reached XP level 2. HP: 16/18 MP: 3/5
   247 | D:1      | Learned a level 2 spell: Sticks to Snakes
   558 | D:1      | Reached XP level 3. HP: 19/23 MP: 4/6
   563 | D:1      | Learned a level 3 spell: Spider Form
   895 | D:2      | Noticed Robin
   919 | D:2      | Killed Robin
   919 | D:2      | Reached skill level 1 in Poison Magic
   919 | D:2      | Reached XP level 4. HP: 3/28 MP: 1/7
  1914 | D:3      | Reached XP level 5. HP: 31/33 MP: 8/8
  2103 | D:3      | Noticed Terence
  2205 | D:3      | Killed Terence
  2402 | D:3      | Reached XP level 6. HP: 38/38 MP: 6/9
  2674 | D:4      | Found a glowing drain.
  2758 | Sewer    | Entered a sewer
  2761 | Sewer    | Noticed Purgy
  2777 | Sewer    | Killed Purgy
  2777 | Sewer    | Reached skill level 5 in Unarmed Combat
  2777 | Sewer    | Reached skill level 5 in Transmutations
  2879 | Sewer    | Gained mutation: You occasionally shout uncontrollably at
                  | your foes. [potion of mutation]
  2879 | Sewer    | Gained mutation: Your body sometimes deteriorates upon
                  | taking damage. [potion of mutation]
  2879 | Sewer    | Gained mutation: Your spells are a little harder to cast,
                  | but a little more powerful. [potion of mutation]
  3027 | D:4      | Slain by an ogre

Levels and vault maps discovered:
D:1:      sevenhm_arrival_forest_fort_large_2, layout_basic
D:2:      layout_loops_ring, uniq_robin
D:3:      layout_rooms, uniq_terence
D:4:      minmay_chambers_of_fours, layout_basic, first_ration,
          cheibrodos_sewer_entry_drain, minmay_misc_feat_tiny

Skill      XL: |  1  2  3  4  5  6 |
---------------+-------------------+-----
Transmutations | 3 4 5 |  5.2
Poison Magic   | 1 2 |  2.0
Unarmed Combat | 4 5 |  5.1
Fighting       | |  1.0
Dodging        | |  2.0
Spellcasting   | |  2.0

Action                   |  1- 3 |  4- 6 || total
-------------------------+-------+-------++-------
Melee: Unarmed           |    81 |   199 ||   280
       Constrict         |    18 |    30 ||    48
       Kick              |    18 |    24 ||    42
       Tentacles         |     8 |    15 ||    23
       Punch             |     1 |     2 ||     3
 Cast: Beastly Appendage |    17 |    29 ||    46
       Spider Form       |     2 |     7 ||     9
  Use: Potion            |     1 |     3 ||     4
       Scroll            |       |     7 ||     7
 Stab: Sleeping          |     2 |     9 ||    11
  Eat: Chunk             |       |     9 ||     9
       Ration            |       |     1 ||     1
Armor: Skin              |     7 |    13 ||    20
Dodge: Dodged            |    57 |   171 ||   228
